[Event "Early-Titled-Tuesday-Blitz-October-17-2023"]
[Site "Chess.com"]
[Date "2023.10.17"]
[Round "3"]
[White "ProfessorChess101"]
[Black "AsaHoffmann"]
[Result "1-0"]
[WhiteElo "2556"]
[BlackElo "2353"]
[TimeControl "180+1"]
[EndTime "8:29:51 PDT"]
[Termination "ProfessorChess101 won by resignation"]

1. Nf3 d6 2. d4 Bg4 3. e4 Nf6 4.
Nc3 c6 5. Be2 e6 6. O-O d5 7. e5 Nfd7 8. h3 Bh5 9. Be3 c5 10. dxc5 Nc6 11. Nd4 Bxe2 12. Qxe2 Ndxe5 13. Rad1 Nxd4 14. Bxd4 Nc6 15. Nxd5 Qxd5 16. Bxg7 Qxd1 17. Rxd1 Bxg7 18. c3 O-O 19. Rd7 Rab8 20. Qb5 a6 21.
Qb6 Rfd8 22. Rxd8+ Nxd8 23. a4 Bf6 24. b4 Rc8 25. c4 Kf8 26. b5 Be7 27. c6 bxc6 28. bxa6 Ra8 29. a7 Bd6 30. a5 Ke7 31. c5 Be5 32.
Kf1 Kd7 33. Ke2 Bc7 34. Qa6 f5 35. g4 fxg4 36. hxg4 e5 37. Kf3 Ke6 38. Kg2 Kd5 39.
g5 Kxc5 40. Kf3 Kd5 41. Ke3 Ne6 42. Qb7 Bxa5 43. Qxa8 Bb6+ 44. Kf3 e4+ 45. Kg4 Nc7 46.
Qd8+ Kc4 47. Qxc7 Bxc7 48. a8=Q Kd5 49. Kf5 Bd6 50. Qa5+ c5 51. Qd2+ Kc6 52. Kxe4 c4 53. Qd5+ Kc7 54. Qxc4+ 1-0

[Event "Early-Titled-Tuesday-Blitz-October-17-2023"]
[Site "Chess.com"]
[Date "2023.10.17"]
[Round "3"]
[White "stollenmonster"]
[Black "DrCeltic"]
[Result "1-0"]
[WhiteElo "2810"]
[BlackElo "2566"]
[TimeControl "180+1"]
[EndTime "8:29:53 PDT"]
[Termination "stollenmonster won by resignation"]

1. e4 c5 2. Nf3 e6 3. Be2 d6 4. c4 Nf6 5. Nc3 e5 6. d3 h6 7. O-O Be7 8. Nd5 Nxd5 9. cxd5 O-O 10. Ne1 b5 11. f4 Bf6 12. Rb1 Nd7 13. Nf3 exf4 14. Bxf4 Qe7 15. Qe1 Re8 16. Qg3 Ne5 17. Nxe5 Bxe5 18. Bh5 Bxf4 19. Rxf4 Rf8 20. Rbf1 f6 21.
Bg6 Bd7 22. Bf5 Rad8 23. b3 b4 24. Rg4 Rf7 25. Rg6 Qe5 26. Qxe5 dxe5 27. Bxd7 Rdxd7 28. Rc1 Rc7 29. Rg3 a5 30. Re3 Rf8 31. Re2 Kf7 32. Rec2 Rfc8 33. a3 bxa3 34. Ra2 Rb8 35. Rxa3 Rb5 36.
Kf2 Ke7 37. Rca1 Ra7 38. Ke3 Kd6 39. g4 Rab7 40. Rxa5 Rxa5 41. Rxa5 Rxb3 42. Ra6+ Ke7 43. Ra7+ Kd6 44. Kd2 g6 45. Rf7 f5 46. gxf5 gxf5 47.
Rf6+ Ke7 48. Rxf5 Rb2+ 49. Kc3 Rxh2 50. Rxe5+ Kd7 51. Re6 h5 52. Rh6 h4 53. Kc4 Rc2+ 54. Kb5 Rd2 55. Kxc5 Rxd3 56. Rh7+ Ke8 1-0

[Event "Early-Titled-Tuesday-Blitz-October-17-2023"]
[Site "Chess.com"]
[Date "2023.10.17"]
[Round "3"]
[White "K_A_S_T_O_R"]
[Black "MKlose11"]
[Result "1-0"]
[WhiteElo "2866"]
[BlackElo "2636"]
[TimeControl "180+1"]
[EndTime "8:29:56 PDT"]
[Termination "K_A_S_T_O_R won on time"]

1. e4 e6 2. d4 d5 3. Nc3 Bb4 4. e5 Ne7 5. Bd2 b6 6. Bb5+ c6 7. Ba4 O-O 8. Nce2 Bxd2+ 9. Qxd2 c5 10. c3 Ba6 11. Nf3 Nbc6 12. O-O Rc8 13. Bc2 Bxe2 14.
Qxe2 cxd4 15. cxd4 Nf5 16. Rad1 Nh4 17. Nxh4 Qxh4 18.
f4 g6 19. Bb1 Rc7 20. Qd2 Rfc8 21. b4 a5 22. b5 Ne7 23. Bd3 Nf5 24. Bxf5 exf5 25.
Rc1 Qe7 26. h3 Rxc1 27. Rxc1 Rxc1+ 28. Qxc1 Qb4 29. e6 Qxd4+ 30. Kh1 fxe6 31. Qc8+ Kg7 32.
Qxe6 Qxf4 33. Qxb6 Qc1+ 34. Kh2 Qf4+ 35. Kh1 Qc1+ 36.
Qg1 Qb2 37. a4 d4 38. Qe1 d3 39. Qe7+ Kh6 40. Qe3+ Kg7 41. Qxd3 Qa1+ 42. Kh2 Qe5+ 43. Qg3 f4 44. Qf3 Qd4 45. h4 Kh6 46. Kh3 Qd7+ 47.
Qg4 Qd4 48. Qg5+ Kg7 49. Kg4 1-0

[Event "Early-Titled-Tuesday-Blitz-October-17-2023"]
[Site "Chess.com"]
[Date "2023.10.17"]
[Round "3"]
[White "HajiyevKanan"]
[Black "ChesscularGodofchess"]
[Result "1-0"]
[WhiteElo "2533"]
[BlackElo "2195"]
[TimeControl "180+1"]
[EndTime "8:29:56 PDT"]
[Termination "HajiyevKanan won by checkmate"]

1. d4 d5 2. Nf3 Nf6 3. c4 c6 4. cxd5 cxd5 5. Nc3 Nc6 6. Bg5 Bf5 7. Bxf6 gxf6 8. Qb3 e6 9. Qxb7 Nb4 10. e4 Bd6 11.
Bb5+ Kf8 12. exf5 Nc2+ 13. Kd2 Nxa1 14. fxe6 fxe6 15. Rxa1 Rb8 16. Qxa7 Bb4 17. a4 Qd6 18. g3 e5 19. Qd7 Bxc3+ 20. Kxc3 Qxd7 21. Bxd7 e4 22.
Nh4 Ke7 23. Bb5 Rhc8+ 24. Kd2 Rc7 25. Rc1 Rxc1 26. Kxc1 Rc8+ 27. Kd2 Ke6 28. h3 Rb8 29. Ng2 Kd6 30. Nf4 Rb6 31. Nh5 Ke6 32. Ng7+ Kd6 33. Nf5+ Ke6 34. g4 Rb8 35. b4 Rb7 36. Ne3 Rb8 37.
Kc3 Rc8+ 38. Kb3 Rb8 39. Bc6 Kd6 40. Bxd5 Rh8 41. Bxe4 h5 42. a5 hxg4 43. hxg4 Rh2 44. a6 Rxf2 45. a7 Re2 46. Nc4+ Kc7 47. a8=Q f5 48.
Qc6+ Kd8 49. Qd6+ Ke8 50. Qe6+ Kf8 51. Qf6+ Kg8 52. Bd5+ Kh7 53. Bf7 Re3+ 54. Nxe3 fxg4 55. Qg6+ Kh8 56. Qg8# 1-0

[Event "Early-Titled-Tuesday-Blitz-October-17-2023"]
[Site "Chess.com"]
[Date "2023.10.17"]
[Round "3"]
[White "The_Machine04"]
[Black "ploxoi"]
[Result "0-1"]
[WhiteElo "2681"]
[BlackElo "2482"]
[TimeControl "180+1"]
[EndTime "8:29:57 PDT"]
[Termination "ploxoi won by checkmate"]

1. d4 d5 2. Nf3 e6 3. e3 Nf6 4.
Nbd2 Nbd7 5. Ne5 c5 6. c3 Bd6 7. f4 Qc7 8. Bd3 a6 9. Qf3 b5 10. O-O Bb7 11. Qh3 b4 12. g4 Ne4 13. Qg2 Nxd2 14.
Bxd2 bxc3 15. bxc3 Rc8 16. Rab1 f6 17. Nxd7 Qxd7 18.
g5 f5 19. h4 Ke7 20. h5 Rb8 21. g6 h6 22. Be1 Rhc8 23. Bh4+ Kf8 24. Qe2 Qa4 25.
Rb2 Bc6 26. Rfb1 a5 27. Rxb8 Rxb8 28. Rxb8+ Bxb8 29. dxc5 Qa3 30. c4 Qxc5 31. Bf2 Ba7 32. cxd5 Qxd5 33. e4 Bxf2+ 34. Kxf2 fxe4 35. Bc4 Qd4+ 36.
Kg3 Qc3+ 37. Kh4 e3 38. Bxe6 Qf6+ 39. Kg3 Qxe6 40. a3 Qe4 41. Qb2 Qf3+ 42. Kh4 Qxf4+ 43. Kh3 Bd7+ 44. Kg2 Qf2+ 45. Qxf2+ exf2 46. Kxf2 Bg4 47. Ke3 Bxh5 48. Kd4 Bxg6 49. Kc5 Be8 50. Kb6 a4 51. Kc5 Ke7 52. Kd4 Kf6 53. Ke3 h5 54. Kf4 g5+ 55.
Kg3 h4+ 56. Kh3 Bd7+ 57. Kg2 Kf5 58. Kh2 Kf4 59. Kg2 g4 60. Kg1 h3 61. Kh2 Bc6 62. Kg1 g3 63. Kf1 h2 64. Ke2 h1=Q 65. Kd3 Bb5+ 66.
Kc3 Qd5 67. Kb4 Qb3+ 68. Ka5 g2 69. Kb6 g1=Q+ 70. Ka5 Qa7# 0-1

[Event "Early-Titled-Tuesday-Blitz-October-17-2023"]
[Site "Chess.com"]
[Date "2023.10.17"]
[Round "3"]
[White "Lennis93"]
[Black "Mr_ruthless"]
[Result "1-0"]
[WhiteElo "2704"]
[BlackElo "2466"]
[TimeControl "180+1"]
[EndTime "8:30:00 PDT"]
[Termination "Lennis93 won by resignation"]

1. c4 Nf6 2. g3 c5 3. Bg2 g6 4.
Nc3 Bg7 5. a3 O-O 6. b4 cxb4 7.
axb4 e6 8. e4 d5 9. e5 Ne4 10.
f4 Nxc3 11. dxc3 dxc4 12. Qxd8 Rxd8 13. Nf3 f6 14. Be3 fxe5 15. Nxe5 Nd7 16. Bd4 Nxe5 17. fxe5 Bf8 18. b5 a5 19. Ke2 a4 20. Ra2 a3 21. h4 Bd7 22. b6 Bc6 23. Bxc6 bxc6 24. h5 c5 25. Be3 Ra6 26. Rb1 Rb8 27. h6 Be7 28. b7 Ra7 29. Rb5 Kf7 30. Bxc5 Bxc5 31.
Rxc5 Rbxb7 32. Rxc4 Rb3 33. Kd3 Rd7+ 34. Rd4 Rc7 35. Rf4+ Ke7 36. Rc4 Rd7+ 37. Ke4 Rb5 38. Rxa3 Rbd5 39. Ra6 Rd1 40. Rcc6 Re1+ 41. Kf4 Rd2 42.
Rxe6+ Kd7 43. Red6+ Rxd6 44. Rxd6+ Ke7 45. Ra6 Rf1+ 46. Kg4 Rf5 47. Ra7+ Ke6 48. Rxh7 Rh5 49. Rh8 Kxe5 50. h7 Kf6 51. Rf8+ Kg7 52. h8=Q+ Rxh8 53. Rxh8 Kxh8 54. Kg5 1-0

[Event "Early-Titled-Tuesday-Blitz-October-17-2023"]
[Site "Chess.com"]
[Date "2023.10.17"]
[Round "3"]
[White "Mandaloriana19"]
[Black "ylr5000"]
[Result "1-0"]
[WhiteElo "2298"]
[BlackElo "2523"]
[TimeControl "180+1"]
[EndTime "8:30:02 PDT"]
[Termination "Mandaloriana19 won by resignation"]

1. Nf3 c5 2. c4 g6 3. e3 Bg7 4. d4 cxd4 5. exd4 Nf6 6. Nc3 O-O 7.
Be2 d5 8. c5 b6 9. cxb6 axb6 10. O-O Nc6 11. Ne5 Bb7 12. Nxc6 Bxc6 13. Bg5 Qd6 14. Rc1 Rfc8 15. Re1 e6 16. Bd3 Ne4 17. Be3 Nxc3 18. bxc3 Rxa2 19. Qb3 Raa8 20. g3 b5 21. Bf4 Qd7 22. Be5 Bxe5 23. dxe5 Ra5 24. h4 h5 25. Qb4 Rca8 26. Qf4 Qe7 27. Rb1 Kg7 28. Rb4 Ra3 29. Rc1 R8a4 30. Kh2 Bd7 31. Bf1 Rb3 32. Rd4 Ra2 33.
Rb4 Ra4 34. Rd4 Rb2 35. Bd3 Raa2 36. Rf1 Ra4 37. Rc1 b4 38. cxb4 Rbxb4 39. Rxb4 Rxb4 40. Qd2 Bb5 41. Bb1 Bc4 42. Bc2 Rb2 43. Qf4 Rb4 44.
Qd2 Ba6 45. Kg1 Qa7 46. Qxb4 Bc4 47. Qd2 Qa3 48. Qf4 Kg8 49. Rb1 Qf8 50. Rb7 Ba6 51.
Ra7 Bb5 52. Qf6 Qg7 53. Qxg7+ Kxg7 54. Rb7 Bc4 55. Rc7 d4 56. Kg2 d3 57. Bd1 d2 58.
Kf3 Bf1 59. Ke3 Be2 60. Kxd2 1-0

[Event "Early-Titled-Tuesday-Blitz-October-17-2023"]
[Site "Chess.com"]
[Date "2023.10.17"]
[Round "3"]
[White "ivana_999"]
[Black "noblerone"]
[Result "0-1"]
[WhiteElo "2105"]
[BlackElo "2519"]
[TimeControl "180+1"]
[EndTime "8:30:03 PDT"]
[Termination "noblerone won on time"]

1. d4 d5 2. c4 c6 3. Nc3 Nf6 4. Nf3 dxc4 5. e4 b5 6. e5 Nd5 7. Nxd5 cxd5 8. a4 bxa4 9. Qxa4+ Bd7 10. Qd1 e6 11. Bg5 Be7 12. Qd2 Nc6 13. Be2 h6 14. Bxe7 Qxe7 15. O-O O-O 16. Kh1 Rfb8 17. g4 Qb4 18. Qf4 Ne7 19. g5 h5 20. Nh4 Ng6 21. Qg3 Nxh4 22. Qxh4 g6 23. Bxh5 Kg7 24.
Qf4 Qe7 25. Ra3 gxh5 26. Rh3 Rh8 27. Rg1 Rag8 28. Rhg3 h4 29. Ra3 Bb5 30. Rga1 a6 31. Rg1 Kf8 32. Rf3 Rg6 33. Rh3 Rhg8 34. Rxh4 Rxg5 35. Rhg4 Rxg4 36. Rxg4 Rxg4 37. Qxg4 Ke8 38. h4 c3 39. bxc3 Bd3 40. h5 a5 41. Qg8+ Qf8 42. Qg3 Be4+ 43. f3 Bf5 44. Qh4 Qh6 45. f4 a4 46. Qh2 a3 47. Kg1 Bb1 48. Qe2 a2 49. Qb5+ Kf8 50. Qb8+ Kg7 51. Qa8 Qxh5 52. Qd8 Qg6+ 0-1

[Event "Early-Titled-Tuesday-Blitz-October-17-2023"]
[Site "Chess.com"]
[Date "2023.10.17"]
[Round "3"]
[White "Heinza9"]
[Black "wadsy27"]
[Result "0-1"]
[WhiteElo "2292"]
[BlackElo "2644"]
[TimeControl "180+1"]
[EndTime "8:30:03 PDT"]
[Termination "wadsy27 won on time"]

1. e4 c5 2. Nf3 e6 3. b3 Nc6 4.
Bb2 Nf6 5. e5 Nd5 6. c4 Nde7 7.
Bd3 Ng6 8. g3 Qc7 9. Qe2 b6 10.
h4 Bb7 11. h5 Nge7 12. O-O Nb4 13. Be4 Bxe4 14. Qxe4 Qc6 15. Qxc6 Nexc6 16. a3 Nc2 17. Ra2 a5 18. Rc1 a4 19. bxa4 N2d4 20. Bxd4 cxd4 21. Rb2 Bc5 22. d3 Rxa4 23. Rb3 Ke7 24. Nbd2 Rha8 25. Ne4 Rxa3 26. Nxc5 bxc5 27. Rcb1 Rxb3 28. Rxb3 h6 29. Rb5 Ra5 30. Rb3 Ra2 31. g4 Rc2 32. Rb5 Rc3 33. Rxc5 Rxd3 34. Kg2 Rd1 35. Rb5 d3 36. Rb3 f6 37. exf6+ gxf6 38. c5 e5 39. Rb2 e4 40. Nd2 Re1 41. Nf1 Re2 42. Rb1 Ne5 43. Ne3 d2 44. Rd1 Nd3 45. Nf1 Rxf2+ 46. Kg1 Rf4 47. Rxd2 Rxg4+ 48. Kh2 Rh4+ 49. Kg3 Rxh5 50. Re2 Nxc5 51. Nd2 Rg5+ 52. Kf4 d5 53. Nf3 Ne6+ 0-1

[Event "Early-Titled-Tuesday-Blitz-October-17-2023"]
[Site "Chess.com"]
[Date "2023.10.17"]
[Round "3"]
[White "m_ezat"]
[Black "bolwin"]
[Result "1-0"]
[WhiteElo "2538"]
[BlackElo "2259"]
[TimeControl "180+1"]
[EndTime "8:30:04 PDT"]
[Termination "m_ezat won on time"]

1. d4 Nf6 2. c4 c5 3. d5 e6 4. Nc3 exd5 5. cxd5 d6 6. e4 g6 7. f4 Bg7 8. Bb5+ Nfd7 9. Be2 O-O 10. Nf3 a6 11. a4 Re8 12. O-O Qc7 13. Kh1 c4 14. e5 dxe5 15. fxe5 Nxe5 16. Bf4 Nbd7 17. d6 Qb6 18. a5 Qxb2 19. Nd5 Nxf3 20. Bxf3 Qxa1 21.
Qxa1 Bxa1 22. Rxa1 Rb8 23. h3 Ne5 24. Bxe5 Rxe5 25.
d7 Rxd5 26. dxc8=Q+ Rxc8 27. Bxd5 c3 28. Bxb7 Rb8 29.
Be4 f5 30. Bd3 Kg7 31. Rc1 Rb3 32. Bxa6 Ra3 33. Bd3 Rxa5 34. Rxc3 Ra7 35. Kh2 f4 36. Be2 g5 37. Bf3 h6 38. Rb3 Ra2 39. Rb6 Rd2 40. Be4 Rd4 41. Bf5 Rd5 42. Bb1 Rd1 43. Bg6 Rd2 44.
Bh5 Rf2 45. Rg6+ Kh7 46. Rf6 Kg7 47. Rf7+ Kg8 48. Rb7 Rd2 49. Bf3 Kh8 50. h4 Rc2 51. Kh3 Rc5 52. Kg4 gxh4 53. Kxh4 Rg5 54. Rf7 Rg3 55.
Rxf4 Rg5 56. Rf7 Kg8 57. Rd7 Kf8 58. Rh7 Rg6 59. Kh5 Rf6 60. Rxh6 1-0

[Event "Early-Titled-Tuesday-Blitz-October-17-2023"]
[Site "Chess.com"]
[Date "2023.10.17"]
[Round "3"]
[White "Sokoloco"]
[Black "rasmussvane"]
[Result "1-0"]
[WhiteElo "2708"]
[BlackElo "2986"]
[TimeControl "180+1"]
[EndTime "8:30:05 PDT"]
[Termination "Sokoloco won by resignation"]

1. b3 d5 2. Bb2 h6 3. e3 Bf5 4. d4 e6 5. Bd3 Nf6 6. Nf3 Bd6 7.
Ne5 Qe7 8. Nd2 Nbd7 9. O-O O-O 10. Qe2 Rac8 11. Rac1 Rfd8 12. Rfd1 Ne4 13. Bxe4 dxe4 14.
Ndc4 Bxe5 15. dxe5 Qg5 16. Kh1 Nf8 17. h3 h5 18. Rxd8 Rxd8 19. Rd1 Rxd1+ 20. Qxd1 Ng6 21. Na5 Nh4 22. Qf1 b6 23. Nc6 a5 24. Ba3 Ng6 25. Qd1 Qh4 26. Kg1 Bxh3 27. gxh3 Qxh3 28. Ne7+ Nxe7 29. Bxe7 Qf5 30. Bd8 Qxe5 31. Qd4 Qf5 32. Bxc7 Qg4+ 33. Kf1 h4 34. Qd6 h3 35. Ke1 b5 36. Qg3 Qh5 37. Be5 g5 38. Bd4 Kh7 39.
Qe5 Qh6 40. Qh8+ Kg6 41. Qg8+ Kh5 42. Qxf7+ Kg4 43. Bf6 h2 44. Qxe6+ Kh4 45. Qxe4+ Kh5 46. Be5 Qe6 47. Qf3+ Kg6 48. Bxh2 Qc8 49. Qe4+ Kh6 50.
Bg3 Qc3+ 51. Ke2 a4 52. Qd3 Qc6 53. bxa4 bxa4 54. Qd6+ Qxd6 55. Bxd6 1-0

[Event "Early-Titled-Tuesday-Blitz-October-17-2023"]
[Site "Chess.com"]
[Date "2023.10.17"]
[Round "3"]
[White "Harry_Rakkel"]
[Black "Hrant_ChessMood"]
[Result "1-0"]
[WhiteElo "2693"]
[BlackElo "2935"]
[TimeControl "180+1"]
[EndTime "8:30:05 PDT"]
[Termination "Harry_Rakkel won on time"]

1. e4 e5 2. Nf3 Nc6 3. Bc4 Nf6 4. Ng5 d5 5. exd5 Na5 6. Bb5+ c6 7. dxc6 bxc6 8.
Bd3 h6 9. Ne4 Nd5 10. O-O Be7 11.
Ng3 O-O 12. Bf5 g6 13. Bxc8 Rxc8 14. d4 exd4 15. Bxh6 Re8 16. Nd2 c5 17. Re1 Qd7 18. Qf3 Nc6 19. Nc4 Ndb4 20. Ne4 Qf5 21. Qxf5 gxf5 22.
Ned6 Bxd6 23. Nxd6 Rxe1+ 24. Rxe1 Rd8 25. Re8+ Rxe8 26. Nxe8 Nxc2 27. Kf1 d3 28. Nd6 Ne5 29. Bf4 Nd4 30. Be3 Nec6 31. Ke1 f4 32. Bxf4 Na5 33. Kd2 Ne6 34. Be3 c4 35. Kc3 Nc7 36. Nxc4 Nb5+ 37. Kxd3 Nc6 38. a4 Nb4+ 39. Ke4 Nc7 40. Bxa7 Ne6 41.
Bb6 Na6 42. f4 Kf8 43. a5 Ke8 44. g4 Kd7 45. h4 f6 46. h5 Ke7 47. h6 Kf7 48. f5 Ng5+ 49. Kd5 Nf3 50. Kc6 Nh2 51. Kb7 Nb4 52. Bc5 Nd3 53. Ba3 Nxg4 54. a6 1-0

[Event "Early-Titled-Tuesday-Blitz-October-17-2023"]
[Site "Chess.com"]
[Date "2023.10.17"]
[Round "3"]
[White "Karttunen"]
[Black "ajedrezhoy"]
[Result "1-0"]
[WhiteElo "2571"]
[BlackElo "2374"]
[TimeControl "180+1"]
[EndTime "8:30:05 PDT"]
[Termination "Karttunen won on time"]

1. d4 Nf6 2. c4 e6 3. Nc3 Bb4 4. e3 b6 5. Bd3 Bb7 6. Ne2 O-O 7.
O-O d5 8. cxd5 exd5 9. Bd2 Re8 10. Ng3 g6 11. Rc1 a6 12. Re1 Nbd7 13. a3 Bd6 14. b4 b5 15. f3 Nb6 16. Nce2 Nc4 17. Bxc4 dxc4 18. e4 Bf8 19. Bc3 h5 20. Qc2 h4 21. Nh1 Nh5 22. Rcd1 Bh6 23. Nf2 Be3 24. Bd2 Bxd2 25. Qxd2 c6 26. Qh6 Qf6 27. Ng4 Qg7 28. Qg5 Bc8 29. Qxh4 Be6 30. Qg5 f6 31. Qe3 f5 32. Nf2 Rad8 33. Qg5 Qf6 34. Qh6 Qg7 35. Qc1 fxe4 36. fxe4 Rf8 37. Rf1 Rf7 38. Qe3 Rdf8 39. Nh1 Bg4 40. Rxf7 Qxf7 41. Re1 Bxe2 42. Qxe2 Nf4 43.
Qe3 Nd3 44. Rd1 Qf4 45. Qxf4 Rxf4 46. Ng3 Kg7 47. Ne2 Rxe4 48. Nc3 Rxd4 49. g3 Rd8 50. Kf1 Re8 51. Rd2 Re7 52. Re2 1-0

[Event "Early-Titled-Tuesday-Blitz-October-17-2023"]
[Site "Chess.com"]
[Date "2023.10.17"]
[Round "3"]
[White "itsdsyr"]
[Black "Sanyura"]
[Result "0-1"]
[WhiteElo "2292"]
[BlackElo "2542"]
[TimeControl "180+1"]
[EndTime "8:30:06 PDT"]
[Termination "Sanyura won on time"]

1. d4 e6 2. c4 d5 3. Nf3 Nf6 4. Nc3 dxc4 5. e4 b5 6. e5 Nd5 7. Nxb5 Nb6 8. Be2 Nc6 9. O-O Be7 10. Be3 O-O 11. Rc1 Ba6 12. Nc3 Nd5 13. Qd2 Ncb4 14. a3 Nd3 15. Bxd3 cxd3 16. Ne1 c5 17. dxc5 Nxe3 18.
fxe3 Bxc5 19. b4 Bxe3+ 20. Qxe3 d2 21. Rd1 Bxf1 22. Rxd2 Qc7 23. Kxf1 Rac8 24. Nb5 Qc4+ 25. Qe2 Qf4+ 26. Nf3 Rc1+ 27. Kf2 g5 28. Rd4 Qf5 29. Nd6 Qg6 30. h3 h5 31. Ne4 Rfc8 32. Nf6+ Kg7 33. Rd2 g4 34. hxg4 hxg4 35. Nd4 g3+ 36. Kf3 R8c3+ 37. Kf4 Rh1 38. Nxe6+ fxe6 39. Rd7+ Kh6 40. Ng8+ Qxg8 41. Ke4 Rh4+ 0-1

[Event "Early-Titled-Tuesday-Blitz-October-17-2023"]
[Site "Chess.com"]
[Date "2023.10.17"]
[Round "3"]
[White "crosky"]
[Black "jraosam"]
[Result "0-1"]
[WhiteElo "2333"]
[BlackElo "2076"]
[TimeControl "180+1"]
[EndTime "8:30:10 PDT"]
[Termination "jraosam won by resignation"]

1. c4 Nf6 2. Nc3 e6 3. d4 d5 4.
cxd5 exd5 5. Bg5 Nbd7 6. e3 c6 7.
Bd3 Bd6 8. Qc2 h6 9. Bh4 O-O 10. Nge2 Re8 11. h3 Nf8 12. g4 g5 13. Bg3 Kg7 14.
O-O-O Ng6 15. Bxd6 Qxd6 16. Ng3 Nh4 17. Kb1 Bd7 18. e4 dxe4 19. Ncxe4 Nxe4 20. Nxe4 Qf4 21. d5 cxd5 22. Qc3+ Qe5 23. Qxe5+ Rxe5 24. Ng3 f5 25. f4 Re3 26. Nh5+ Kf7 27. fxg5 hxg5 28. gxf5 Rxd3 29. Rxd3 Bxf5 30. Rf1 Kg6 31. Rxf5 Nxf5 32. Rxd5 Ne3 33. Rd3 Kxh5 34. Rxe3 Kh4 35. Kc2 Rc8+ 36.
Kb3 Rc6 37. a4 Rb6+ 38. Kc3 Rc6+ 39. Kd4 Rc2 40. b4 Ra2 41. a5 b6 42. axb6 axb6 43. Kc4 Rh2 44. Kb5 Rxh3 45. Rxh3+ Kxh3 46. Kxb6 g4 47. Kc7 g3 48. b5 g2 49. b6 g1=Q 50. b7 Qc5+ 51. Kd8 Qd6+ 52. Kc8 Qc6+ 53. Kb8 Kg4 54. Ka7 Qc7 55. Ka8 Qa5+ 56. Kb8 Kf5 57. Kc8 Qc5+ 58. Kd7 Qb5+ 59. Kc8 Qc6+ 60. Kb8 Ke6 61.
Ka7 Qa4+ 62. Kb6 Qb4+ 63. Ka7 Qa5+ 64. Kb8 Kd6 0-1

[Event "Early-Titled-Tuesday-Blitz-October-17-2023"]
[Site "Chess.com"]
[Date "2023.10.17"]
[Round "3"]
[White "SCIM"]
[Black "Magila31"]
[Result "0-1"]
[WhiteElo "2554"]
[BlackElo "2381"]
[TimeControl "180+1"]
[EndTime "8:30:13 PDT"]
[Termination "Magila31 won by resignation"]

1. e4 e5 2. Nf3 Nc6 3. Bb5 Nf6 4. O-O Nxe4 5. Re1 Nd6 6. Nxe5 Nxe5 7. Rxe5+ Be7 8. Bf1 O-O 9. d4 Bf6 10. Re1 Re8 11.
Rxe8+ Nxe8 12. Bf4 d5 13. c3 c6 14. Bd3 g6 15. Nd2 Ng7 16. h3 Bf5 17. Bxf5 Nxf5 18. Nf3 Qb6 19. Qe2 Ng7 20. Re1 Re8 21. Qd2 Rxe1+ 22.
Nxe1 Ne6 23. Nd3 Nxf4 24. Qxf4 Kg7 25. b4 Qa6 26. Qd2 b6 27. g3 Qc8 28. Kg2 Qe6 29. Qe3 Qf5 30. Qf3 Qe6 31. Qe3 Qc8 32. Ne5 Qe6 33. Ng4 Qxe3 34. fxe3 h5 35. Nf2 Bg5 36. Kf3 f5 37. Nd3 Bf6 38. a4 Kf7 39. b5 c5 40.
dxc5 bxc5 41. Nxc5 Bxc3 42. Nd3 g5 43. Nc1 Be5 44.
Nb3 g4+ 45. Kg2 Ke6 46. hxg4 hxg4 47. Kf2 Kd6 48. Nd4 Bf6 49. Nxf5+ Kc5 50. Nh6 Kb4 51. Nxg4 Bg7 52. Kf3 Kxa4 53. Kf4 Kxb5 54. Nf2 a5 55. Nd3 a4 56. Nc1 Kc4 57. Kf5 Bb2 58. Ne2 a3 0-1

[Event "Early-Titled-Tuesday-Blitz-October-17-2023"]
[Site "Chess.com"]
[Date "2023.10.17"]
[Round "3"]
[White "cycygogne"]
[Black "Khromkin"]
[Result "0-1"]
[WhiteElo "2264"]
[BlackElo "2517"]
[TimeControl "180+1"]
[EndTime "8:30:13 PDT"]
[Termination "Khromkin won on time"]

1. e4 c5 2. Nf3 Nc6 3. b4 d5 4.
exd5 Nxb4 5. Bc4 Nf6 6. O-O Nbxd5 7. Bb2 e6 8. Re1 Be7 9. d3 O-O 10. Nbd2 a6 11. a4 b6 12. Ne4 Bb7 13. Qd2 Qc7 14. Be5 Qc6 15. Rab1 Rad8 16. Qe2 Nxe4 17. dxe4 Nf6 18.
Bxa6 Bxa6 19. Qxa6 Nd7 20. Ba1 Ra8 21. Qc4 Rxa4 22.
Qc3 Bf6 23. e5 Be7 24. Qe3 b5 25. Ng5 h6 26. Ne4 Nb6 27. Nf6+ Kh8 28. Qd3 Bxf6 29. exf6 g6 30. Qe3 Kh7 31. Qd3 c4 32. Qh3 Nd5 33.
Re4 c3 34. Rh4 Rxh4 35. Qxh4 Qc4 36. Qxc4 bxc4 37. Rd1 Ra8 38. Kf1 Ra2 39. Rc1 g5 40. Ke2 Kg6 41. Kd1 Kxf6 42. Rb1 Ke5 43. g3 Kd4 44. Rc1 f5 45. h3 e5 46. Rb1 e4 47.
Rc1 f4 48. gxf4 gxf4 49. Ke2 f3+ 50. Ke1 e3 51. Rd1+ Ke4 52. fxe3 Nxe3 53. Rc1 Nxc2+ 54.
Kd1 Nxa1 55. Rxc3 f2 56. Rxc4+ Kf3 57. Rc3+ Kg2 0-1

[Event "Early-Titled-Tuesday-Blitz-October-17-2023"]
[Site "Chess.com"]
[Date "2023.10.17"]
[Round "3"]
[White "Wizard_97"]
[Black "Levanzovsky"]
[Result "1-0"]
[WhiteElo "2580"]
[BlackElo "2408"]
[TimeControl "180+1"]
[EndTime "8:30:15 PDT"]
[Termination "Wizard_97 won by resignation"]

1. e4 e5 2. Nf3 Nc6 3. Bc4 Bc5 4. c3 Nf6 5. d3 d6 6. Nbd2 a6 7. Bb3 Ba7 8. h3 h6 9. Nf1 g5 10. Ng3 Ne7 11. d4 Ng6 12. dxe5 dxe5 13. Qxd8+ Kxd8 14. Bxf7 Nf4 15. O-O Ke7 16. Bb3 g4 17. hxg4 Nxg4 18.
Nxe5 Nh3+ 19. gxh3 Nxe5 20. Kg2 Nd3 21. Bc2 Nxc1 22.
Raxc1 Rf8 23. Rcd1 Be6 24. b3 Rf4 25. Rd2 Rg8 26.
Kh2 h5 27. Re2 h4 28. Nf5+ Kf6 29. e5+ Kg5 30. Rg1+ Kh5 31. Ng7+ Rxg7 32. Rxg7 Bxf2 33. Kg2 Bd5+ 34. Kf1 Bd4+ 35. Ke1 Bxc3+ 36. Rd2 Rf3 37. Bd1 Kh6 38. Bxf3 Bxf3 39. Rxc7 Bxe5 40. Rc4 Bg3+ 41.
Kf1 Kg5 42. Rd3 Bc6 43. Rc5+ Kf4 44. Rc4+ Ke5 45. a4 Kf5 46. Rd8 Ke5 47. Rh8 Bd5 48. Rb4 Bf3 49. Rbxh4 Bxh4 50. Rxh4 Bd1 51. Rb4 b5 52. axb5 a5 53. Ra4 Bxb3 54. Rxa5 Kd6 55. b6 Kc6 56. b7 Bd1 57. b8=Q 1-0

[Event "Early-Titled-Tuesday-Blitz-October-17-2023"]
[Site "Chess.com"]
[Date "2023.10.17"]
[Round "3"]
[White "PapiPapita"]
[Black "Gravity_Chess"]
[Result "0-1"]
[WhiteElo "2636"]
[BlackElo "2859"]
[TimeControl "180+1"]
[EndTime "8:30:16 PDT"]
[Termination "Gravity_Chess won by resignation"]

1. d4 Nf6 2. Bf4 e6 3. e3 b6 4. Nf3 Bb7 5. Nbd2 h6 6. h3 Bd6 7. Bxd6 cxd6 8. Bd3 d5 9. a4 Nc6 10. c3 Qc7 11. Qe2 O-O 12. g4 g6 13. h4 Nxg4 14. h5 f5 15. hxg6 Kg7 16. Nh4 Ne7 17. O-O-O Bc6 18. f3 Nf6 19. e4 dxe4 20. fxe4 fxe4 21.
Bc2 d5 22. Qe3 Rh8 23. Qh3 Qd7 24. Rdf1 Raf8 25. Ng2 Qd6 26. Ne3 Bd7 27. Qh4 e5 28. dxe5 Qxe5 29. Nb3 Qg5 30. Qe1 Nf5 31. Kd2 Nxe3 32.
Qxe3 Qxe3+ 33. Kxe3 Ng4+ 34. Kd4 Rxf1 35. Rxf1 Kxg6 36. Kxd5 Ne3+ 37. Kd6 Nxf1 38. Kxd7 Ng3 39. Nd4 h5 40. a5 h4 41. a6 h3 42. Nf3 Kf5 43.
Nh2 Kf4 44. Kc7 Nf5 45. Kb7 Rh7+ 46. Ka8 Ne3 47. Bb1 Re7 48. b4 Ng4 49. b5 Nxh2 50.
c4 Ng4 51. c5 h2 52. Bxe4 bxc5 53. b6 axb6 54. a7 Rxa7+ 55. Kxa7 Kxe4 56. Kxb6 h1=Q 57. Kxc5 Qd1 0-1

[Event "Early-Titled-Tuesday-Blitz-October-17-2023"]
[Site "Chess.com"]
[Date "2023.10.17"]
[Round "3"]
[White "krzyzan94"]
[Black "Mesa_1"]
[Result "1-0"]
[WhiteElo "2800"]
[BlackElo "2588"]
[TimeControl "180+1"]
[EndTime "8:30:16 PDT"]
[Termination "krzyzan94 won by checkmate"]

1. e4 d6 2. d4 Nf6 3. Nc3 e5 4. Nge2 Nbd7 5. h3 Be7 6. g4 O-O 7. Bg2 c6 8. a4 a5 9. O-O Re8 10. Ng3 h6 11. Be3 Bf8 12. f4 b6 13. g5 exd4 14. Qxd4 hxg5 15. fxg5 Nh7 16. Nf5 Nxg5 17. Nxd6 Ne5 18. Nxe8 Qxe8 19. Qxb6 Nxh3+ 20. Bxh3 Bxh3 21. Rf4 Ng4 22. Rf3 Rb8 23. Qa7 Ra8 24. Qb6 Rb8 25. Qxa5 Bb4 26. Qg5 f6 27. Qh4 Nxe3 28. Rxh3 Nxc2 29.
Qh8+ Kf7 30. Qxe8+ Rxe8 31. Rd1 Bc5+ 32. Kh1 Ne3 33.
Rd7+ Ke6 34. Rc7 Kd6 35. Rxg7 Rb8 36. e5+ Kxe5 37. Rc7 Rxb2 38. Rxc6 Bd4 39. Rh5+ f5 40. Rh8 Rc2 41. Re8+ Kf4 42. Nd5+ Kf3 43. Rxc2 Nxc2 44. a5 f4 45. Rf8 Be5 46. a6 Ke2 47. a7 Bd4 48. a8=Q f3 49. Qa6+ Kf2 50. Qd3 Be3 51. Qxc2+ Kg3 52. Nxe3 f2 53. Qxf2+ Kh3 54. Rh8# 1-0